 Dungeon Crawl Stone Soup version 0.30.0-18-gc0e69614cb (webtiles) character file.

Game seed: 16037956895154655753

33 jagang the Covered (level 3, 0/32 HPs)
             Began as an Armataur Fighter on May 25, 2023.
             Succumbed to a goblin's poison
             ... on level 2 of the Dungeon.
             The game lasted 00:03:10 (1138 turns).

jagang the Covered (Armataur Fighter)               Turns: 1138, Time: 00:03:10

Health: 0/32       AC:  8    Str: 23    XL:     3   Next: 12%
Magic:  3/3        EV:  7    Int:  8    God:
Gold:   124        SH:  4    Dex:  9    Spells: 2/2 levels left

rFire   . . .        a - +0 long sword
rCold   . . .        c - +0 buckler
rNeg    . . .        b - +0 scale mail
rPois   .            (no helmet)
rElec   .            (no cloak)
rCorr   .            m - +0 pair of gloves
SInv    .            (no barding)
Will    .....        (no amulet) Stlth
                     (no ring)
HPRegen 0.25/turn    (no ring)
MPRegen 0.08/turn

%: roll
@: lethally poisoned (0 -> -24), flying
A: large, rugged brown scales 3, deformed body, armoured tail, roll, long
tongue, awkward tongue
a: no special abilities


You were on level 2 of the Dungeon.
You visited 1 branch of the dungeon, and saw 2 of its levels.

You collected 124 gold pieces.

Inventory:

Hand Weapons
 a - a +0 long sword (weapon)
Armour
 b - a +0 scale mail (worn)
 c - a +0 buckler (worn)
 m - a +0 pair of gloves (worn)
Jewellery
 g - a +4 ring of protection
Scrolls
 e - a scroll of noise {unknown}
 h - a scroll of identify {unknown}
 i - a scroll of teleportation {unknown}
 l - 2 scrolls of enchant weapon {unknown}
Potions
 d - a potion of might
 j - a potion of degeneration {unknown}
 k - a potion of curing {unknown}


   Skills:
 + Level 2.9 Fighting
 + Level 2.1 Long Blades
 + Level 4.0 Armour
 * Level 3.9 Shields


You had 2 spell levels left.
You didn't know any spells.
Your spell library was empty.

Dungeon Overview and Level Annotations

Branches:
Dungeon (2/15)

Altars:
Wu Jian


Innate Abilities, Weirdness & Mutations

You are completely covered in rugged brown scales. (AC +3, +7% HP)
Armour fits poorly on your strangely shaped body.
You have a long armoured tail.
You roll when moving toward enemies. (Rampage)
Your long tongue fully drains potion bottles. (2x potion effects)
Your tongue gives you trouble enunciating. (1.5x scroll delay)


Message History

The goblin unwields a +0 dagger of venom.
It stops dripping with poison.
The goblin wields a +0 sling.
The goblin shoots a sling bullet.
The sling bullet barely misses you.
The goblin shoots a sling bullet.
The sling bullet hits you.
You roll towards the goblin!
You barely miss the goblin.
Your tail-slap misses the goblin.
The goblin unwields a +0 sling.
The goblin wields a +0 dagger of venom.
It begins to drip with poison!
You block the goblin's attack.
You miss the goblin. The goblin hits you but does no damage.
You are poisoned.
You hit the goblin.
The goblin is severely wounded.
You feel very sick. The goblin hits you but does no damage.
You block the goblin's attack.
You closely miss the goblin.
The goblin is severely wounded.
You feel sick.
The goblin hits you with a +0 dagger of venom.
You are lethally poisoned!
You barely miss the goblin.
The goblin is severely wounded.
You feel very sick. The goblin hits you but does no damage.
You are more poisoned.
You are too injured to fight recklessly!
You are too injured to fight recklessly!
You are too injured to fight recklessly!
You closely miss the goblin.
The goblin is severely wounded.
* * * LOW HITPOINT WARNING * * *
You feel extremely sick. The goblin hits you but does no damage.
The goblin hits you with a +0 dagger of venom.
* * * LOW HITPOINT WARNING * * *
You are more poisoned.
It was a potion of flight.
You feel very buoyant.
You fly up into the air.
You slurp down every last drop of the potion of flight!
You die...

######### #####
#.......# #...#
#.......#
#.#.#########.......#
#.#.#.........@g....#
#.#.#.#######.......#
#.#...# #.......#
#....## #.......#
#....# ###..####
###..#..# .##
....###..## .#
###.###...# ##
......<.....


You could see a goblin.

Vanquished Creatures
  A worm (D:2)
  5 bats
  3 endoplasms
  2 giant cockroaches
  2 goblins (D:1)
  3 hobgoblins
  2 quokkas (D:1)
  2 ball pythons (D:1)
  2 frilled lizards (D:2)
  3 kobolds (D:1)
  3 rats (D:1)
28 creatures vanquished.

Notes
Turn   | Place    | Note
-------+----------+-------------------------------------------
     0 | D:1      | jagang the Armataur Fighter began the quest for the Orb.
     0 | D:1      | Reached XP level 1. HP: 19/19 MP: 1/1
   352 | D:1      | Reached XP level 2. HP: 20/26 MP: 2/2
   848 | D:1      | You fall into a shaft and drop 1 floor!
   875 | D:2      | Found an ornate altar of the Wu Jian Council.
   954 | D:2      | Reached skill level 4 in Armour
  1027 | D:2      | Reached XP level 3. HP: 17/32 MP: 3/3
  1138 | D:2      | Succumbed to a goblin's poison

Illustrated notes

Levels and vault maps discovered:
D:1:      ncdulo_watergridlock, layout_basic, serial_rivers,
          chequers_serial_rivers_small_3, chequers_serial_rivers_small_a,
          chequers_serial_rivers_micro_d, chequers_serial_rivers_room_b,
          minivault_19
D:2:      layout_rooms, basic_altar

Skill      XL: |  1  2 |
---------------+-------+-----
Long Blades    | 2 |  2.1
Armour         | 4 |  4.0
Fighting       | |  2.9
Shields        | |  3.9

Action                     || total
---------------------------++-------
  Melee: Long sword        ||    83
         Tailslap          ||     4
    Use: Potion            ||     1
 Armour: Scale mail        ||    52
  Dodge: Dodged            ||    32
  Block: Buckler           ||    18
